TOP OF THE 1ST |
Penquannock Overrated Jeter batting - Pitching for Newark Bulldogs : RHP Tomás Pagán
|
Pitching: RHP Tomás Pagán
|
|
Batting: SHB Bob Noble
|
0-0: Ball 1-0: Ball 2-0: Ball 3-0: Called Strike 3-1: Foul Ball, location: 2F 3-2: Foul Ball, location: 2F 3-2: SOLO HOME RUN (Flyball, 8RXD) (Inside the Park)
|
Batting: RHB Doug Brown
|
0-0: Foul Ball, location: 2F 0-1: Called Strike 0-2: Foul Ball, location: 2F 0-2: Foul Ball, location: 2F 0-2: Ball 1-2: Foul Ball, location: 2F 1-2: Foul Ball, location: 2F 1-2: Strikes out swinging
|
Batting: RHB Juan Velásquez
|
0-0: Ball 1-0: Ball 2-0: Called Strike 2-1: Foul Ball, location: 2F 2-2: Strikes out swinging
|
Batting: LHB Pete Weber
|
0-0: SINGLE (Line Drive, 6D)
|
Batting: LHB Tony Green
|
0-0: Ball 1-0: Foul Ball, location: 2F 1-1: Foul Ball, location: 2F 1-2: Foul Ball, location: 2F 1-2: DOUBLE (Line Drive, 89XD) Pete Weber to third Runner from 3rd tries for Home, SAFE, no throw
|
Batting: RHB Manny Perea
|
0-0: Foul Ball, location: 2F 0-1: Foul Ball, location: 2F 0-2: Ball 1-2: Ball 2-2: Ball 3-2: Foul Ball, location: 2F 3-2: Ground out 2-3 (Groundball, 2R)
|
Top of the 1st over - 2 run(s), 3 hit(s), 0 error(s), 1 left on base; Penquannock 2 - Newark 0 |
BOTTOM OF THE 1ST |
Newark Bulldogs batting - Pitching for Penquannock Overrated Jeter : LHP Héctor Díaz
|
Pitching: LHP Héctor Díaz
|
|
Batting: LHB Iván Vázquez
|
0-0: Swinging Strike 0-1: Foul Ball, location: 2F 0-2: Ball 1-2: Foul Ball, location: 2F 1-2: Foul Ball, location: 2F 1-2: Ball 2-2: Strikes out looking
|
Batting: RHB Peter Sexton
|
0-0: Ball 1-0: SINGLE (Groundball, 6MD)
|
Batting: RHB Michael Skinner
|
0-0: Called Strike 0-1: Ball 1-1: Ball 2-1: Called Strike 2-2: Fly out, F6 (Line Drive, 6D)
|
Batting: RHB Norris Howard
|
0-0: Called Strike 0-1: Called Strike 0-2: Ball 1-2: Ball 2-2: Foul Ball, location: 2F 2-2: Fly out, F5 (Popup, 56S)
|
Bottom of the 1st over - 0 run(s), 1 hit(s), 0 error(s), 1 left on base; Penquannock 2 - Newark 0 |
TOP OF THE 2ND |
Penquannock Overrated Jeter batting - Pitching for Newark Bulldogs : RHP Tomás Pagán
|
Batting: LHB Matt Reese
|
0-0: Ball 1-0: Ball 2-0: Ball 3-0: Called Strike 3-1: Foul Ball, location: 2F 3-2: Foul Ball, location: 2F 3-2: Base on Balls
|
Batting: RHB Barton Frazier
|
0-0: Called Strike 0-1: Ball 1-1: Called Strike 1-2: Strikes out looking
|
Batting: SHB Tim Reid
|
0-0: Ball 1-0: Foul Ball, location: 2F 1-1: Swinging Strike 1-2: Strikes out looking
|
Batting: SHB Bob Noble
|
0-0: Ball 1-0: Swinging Strike 1-1: SINGLE (Line Drive, 4M) Matt Reese to second
|
Batting: RHB Doug Brown
|
0-0: Fly out, F7 (Line Drive, 7)
|
Top of the 2nd over - 0 run(s), 1 hit(s), 0 error(s), 2 left on base; Penquannock 2 - Newark 0 |
BOTTOM OF THE 2ND |
Newark Bulldogs batting - Pitching for Penquannock Overrated Jeter : LHP Héctor Díaz
|
Batting: LHB Frank Jackson
|
0-0: Called Strike 0-1: Ball 1-1: Foul Ball, location: 2F 1-2: Ball 2-2: Foul Ball, location: 2F 2-2: Ball 3-2: Base on Balls
|
Batting: RHB Tony Long
|
0-0: Ball 1-0: Grounds into double play, 6-4-3 (Groundball, 6)
|
Batting: RHB Bartolo Montero
|
0-0: DOUBLE (Flyball, 78M)
|
Batting: RHB Wilson Flores
|
0-0: SINGLE (Groundball, 6M) (infield hit) Bartolo Montero to third
|
Batting: RHB Stan Simpson
|
0-0: Ball 1-0: Called Strike 1-1: Foul Ball, location: 2F 1-2: Ball 2-2: SINGLE (Groundball, 56D) Bartolo Montero scores Wilson Flores to second
|
Batting: LHB Iván Vázquez
|
0-0: Ball 1-0: Called Strike 1-1: Called Strike 1-2: Foul Ball, location: 2F 1-2: Foul Ball, location: 2F 1-2: Ball 2-2: Fly out, F1 (Line Drive, 13)
|
Bottom of the 2nd over - 1 run(s), 3 hit(s), 0 error(s), 2 left on base; Penquannock 2 - Newark 1 |
TOP OF THE 3RD |
Penquannock Overrated Jeter batting - Pitching for Newark Bulldogs : RHP Tomás Pagán
|
Batting: RHB Juan Velásquez
|
0-0: Ball 1-0: Ball 2-0: Ball 3-0: Base on Balls
|
Batting: LHB Pete Weber
|
0-0: Ball 1-0: Called Strike 1-1: Ball 2-1: Called Strike 2-2: Foul Ball, location: 2F 2-2: SINGLE (Groundball, 6MD) Juan Velásquez to second
|
Batting: LHB Tony Green
|
0-0: Ball 1-0: Swinging Strike 1-1: Foul Ball, location: 2F 1-2: Ball 2-2: Grounds into double play, 4-6-3 (Groundball, 4) Juan Velásquez to third
|
Batting: RHB Manny Perea
|
0-0: Called Strike 0-1: Ball 1-1: Fly out, F9 (Flyball, 9LSF)
|
Top of the 3rd over - 0 run(s), 1 hit(s), 0 error(s), 1 left on base; Penquannock 2 - Newark 1 |
BOTTOM OF THE 3RD |
Newark Bulldogs batting - Pitching for Penquannock Overrated Jeter : LHP Héctor Díaz
|
Batting: RHB Peter Sexton
|
0-0: Called Strike 0-1: Swinging Strike 0-2: Ball 1-2: Strikes out looking
|
Batting: RHB Michael Skinner
|
0-0: Ball 1-0: Ball 2-0: Ball 3-0: Base on Balls
|
Batting: RHB Norris Howard
|
0-0: Called Strike 0-1: Ball 1-1: Fly out, F9 (Flyball, 9S)
|
Batting: LHB Frank Jackson
|
0-0: Ball 1-0: Ball 2-0: Called Strike 2-1: Fielders Choice at 2nd, 6-4 (Groundball, 6)
|
Bottom of the 3rd over - 0 run(s), 0 hit(s), 0 error(s), 0 left on base; Penquannock 2 - Newark 1 |
TOP OF THE 4TH |
Penquannock Overrated Jeter batting - Pitching for Newark Bulldogs : RHP Tomás Pagán
|
Batting: LHB Matt Reese
|
0-0: Called Strike 0-1: Ball 1-1: Swinging Strike 1-2: Strikes out looking and he ARGUES THE CALL AND IS TOSSED!
|
Batting: RHB Barton Frazier
|
0-0: Ball 1-0: Ground out 6-3 (Groundball, 6S)
|
Batting: SHB Tim Reid
|
0-0: Called Strike 0-1: Ball 1-1: Ball 2-1: Ball 3-1: Foul Ball, location: 2F 3-2: Foul Ball, location: 2F 3-2: Foul Ball, location: 2F 3-2: Base on Balls
|
Batting: SHB Bob Noble
|
0-0: Ball 1-0: Ball 2-0: Ball 3-0: Base on Balls Tim Reid to second
|
Pitching: RHP José Gonzáles
|
|
Batting: RHB Doug Brown
|
0-0: Foul Ball, location: 2F 0-1: Foul Ball, location: 2F 0-2: Ball 1-2: Foul Ball, location: 2F 1-2: Foul Ball, location: 2F 1-2: Ball 2-2: Fly out, F9 (Flyball, 9)
|
Top of the 4th over - 0 run(s), 0 hit(s), 0 error(s), 2 left on base; Penquannock 2 - Newark 1 |
BOTTOM OF THE 4TH |
Newark Bulldogs batting - Pitching for Penquannock Overrated Jeter : LHP Héctor Díaz
|
Now in LF: Tom Thompson
|
|
Batting: RHB Tony Long
|
0-0: Fly out, F9 (Flyball, 9LS)
|
Batting: RHB Bartolo Montero
|
0-0: Fly out, F8 (Flyball, 8LS)
|
Batting: RHB Wilson Flores
|
0-0: Ball 1-0: Called Strike 1-1: Called Strike 1-2: SINGLE (Groundball, 56D)
|
Batting: RHB Stan Simpson
|
0-0: Called Strike 0-1: Ball 1-1: Called Strike 1-2: Foul Ball, location: 2F 1-2: Ball 2-2: Foul Ball, location: 2F 2-2: Fly out, F8 (Flyball, 8LS)
|
Bottom of the 4th over - 0 run(s), 1 hit(s), 0 error(s), 1 left on base; Penquannock 2 - Newark 1 |
TOP OF THE 5TH |
Penquannock Overrated Jeter batting - Pitching for Newark Bulldogs : RHP José Gonzáles
|
Batting: RHB Juan Velásquez
|
0-0: Foul Ball, location: 2F 0-1: Swinging Strike 0-2: Ball 1-2: Ball 2-2: Foul Ball, location: 2F 2-2: Ball 3-2: Strikes out swinging
|
Batting: LHB Pete Weber
|
0-0: Ball 1-0: Called Strike 1-1: Called Strike 1-2: Strikes out swinging
|
Batting: LHB Tony Green
|
0-0: Called Strike 0-1: Ball 1-1: Ball 2-1: Ball 3-1: Base on Balls
|
Batting: RHB Manny Perea
|
0-0: Swinging Strike 0-1: Ball 1-1: Ball 2-1: Foul Ball, location: 2F 2-2: Ground out 5-3 (Groundball, 56)
|
Top of the 5th over - 0 run(s), 0 hit(s), 0 error(s), 1 left on base; Penquannock 2 - Newark 1 |
BOTTOM OF THE 5TH |
Newark Bulldogs batting - Pitching for Penquannock Overrated Jeter : LHP Héctor Díaz
|
Batting: LHB Iván Vázquez
|
0-0: Ball 1-0: Ball 2-0: Foul Ball, location: 2F 2-1: Ball 3-1: SINGLE (Line Drive, 8RS)
|
Batting: RHB Peter Sexton
|
0-0: Foul Ball, location: 2F 0-1: DOUBLE (Flyball, 78D) Iván Vázquez to third
|
Batting: RHB Michael Skinner
|
0-0: Ball 1-0: Ball 2-0: Foul Ball, location: 2F 2-1: Foul Ball, location: 2F 2-2: Foul Ball, location: 2F 2-2: Fly out, F8 (Flyball, 8RXD) Runner from 3rd tags up, SCORES, no throw Peter Sexton to third
|
Batting: RHB Norris Howard
|
0-0: Ball 1-0: Foul Ball, location: 2F 1-1: Foul Ball, location: 2F 1-2: Ball 2-2: Foul Ball, location: 2F 2-2: Foul Ball, location: 2F 2-2: Fly out, F9 (Flyball, 9LS) Runner from 3rd tags up, SCORES, no throw
|
Batting: LHB Frank Jackson
|
0-0: Foul Ball, location: 2F 0-1: Ball 1-1: Ball 2-1: Ball 3-1: Foul Ball, location: 2F 3-2: Ground out 4-3 (Groundball, 4)
|
Bottom of the 5th over - 2 run(s), 2 hit(s), 0 error(s), 0 left on base; Penquannock 2 - Newark 3 |
TOP OF THE 6TH |
Penquannock Overrated Jeter batting - Pitching for Newark Bulldogs : RHP José Gonzáles
|
Batting: RHB Tom Thompson
|
0-0: Ball 1-0: Ball 2-0: Called Strike 2-1: Foul Ball, location: 2F 2-2: Foul Ball, location: 2F 2-2: Ground out U3 (Groundball, 34)
|
Batting: RHB Barton Frazier
|
0-0: Swinging Strike 0-1: Ball 1-1: Called Strike 1-2: Strikes out looking
|
Batting: SHB Tim Reid
|
0-0: Called Strike 0-1: Ball 1-1: Called Strike 1-2: Strikes out looking
|
Top of the 6th over - 0 run(s), 0 hit(s), 0 error(s), 0 left on base; Penquannock 2 - Newark 3 |
BOTTOM OF THE 6TH |
Newark Bulldogs batting - Pitching for Penquannock Overrated Jeter : LHP Héctor Díaz
|
Batting: RHB Tony Long
|
0-0: Ball 1-0: Swinging Strike 1-1: Swinging Strike 1-2: Fly out, F6 (Flyball, 6MD)
|
Batting: RHB Bartolo Montero
|
0-0: Ball 1-0: Ground out 6-3 (Groundball, 6)
|
Batting: RHB Wilson Flores
|
0-0: Ball 1-0: Foul Ball, location: 2F 1-1: Called Strike 1-2: Foul Ball, location: 2F 1-2: Ball 2-2: Ground out 6-3 (Groundball, 56)
|
Bottom of the 6th over - 0 run(s), 0 hit(s), 0 error(s), 0 left on base; Penquannock 2 - Newark 3 |
TOP OF THE 7TH |
Penquannock Overrated Jeter batting - Pitching for Newark Bulldogs : RHP José Gonzáles
|
Batting: SHB Bob Noble
|
0-0: Ball 1-0: Swinging Strike 1-1: Ground out 4-3 (Groundball, 4)
|
Batting: RHB Doug Brown
|
0-0: Called Strike 0-1: Ball 1-1: Called Strike 1-2: Strikes out looking
|
Pitching: RHP Jesús Salazar
|
|
Batting: RHB Juan Velásquez
|
0-0: SINGLE (Groundball, 6MD)
|
Batting: LHB Pete Weber
|
0-0: Ball 1-0: Ball 2-0: Ball 3-0: Called Strike 3-1: Foul Ball, location: 2F 3-2: Strikes out swinging
|
Top of the 7th over - 0 run(s), 1 hit(s), 0 error(s), 1 left on base; Penquannock 2 - Newark 3 |
BOTTOM OF THE 7TH |
Newark Bulldogs batting - Pitching for Penquannock Overrated Jeter : LHP Héctor Díaz
|
Pitching: RHP Joaquín Rojas
|
|
Batting: RHB Stan Simpson
|
0-0: Called Strike 0-1: Ball 1-1: Foul Ball, location: 2F 1-2: Ball 2-2: Strikes out looking
|
Batting: LHB Iván Vázquez
|
0-0: Foul Ball, location: 2F 0-1: Ball 1-1: Fly out, F8 (Line Drive, 8RM)
|
Batting: RHB Peter Sexton
|
0-0: Called Strike 0-1: Foul Ball, location: 2F 0-2: Foul Ball, location: 2F 0-2: Strikes out swinging
|
Bottom of the 7th over - 0 run(s), 0 hit(s), 0 error(s), 0 left on base; Penquannock 2 - Newark 3 |
TOP OF THE 8TH |
Penquannock Overrated Jeter batting - Pitching for Newark Bulldogs : RHP Jesús Salazar
|
Batting: LHB Tony Green
|
0-0: Ball 1-0: Ball 2-0: Swinging Strike 2-1: Ball 3-1: Foul Ball, location: 2F 3-2: Base on Balls
|
Batting: RHB Manny Perea
|
0-0: Ground out 5-3 (Groundball, 56S) Tony Green to second
|
Pinch Hitting: RHB Vincent Fields
|
0-0: Ball 1-0: Ball 2-0: Foul Ball, location: 2F 2-1: Called Strike 2-2: Ball 3-2: Foul Ball, location: 2F 3-2: Foul Ball, location: 2F 3-2: Base on Balls
|
Batting: RHB Barton Frazier
|
0-0: Called Strike 0-1: Ball 1-1: SINGLE (Flyball, 9S) Tony Green to third Vincent Fields to second
|
Batting: SHB Tim Reid
|
0-0: Ball 1-0: Swinging Strike 1-1: Ball Wild Pitch! Tony Green scores Vincent Fields to third Barton Frazier to second 2-1: Ball 3-1: Base on Balls
|
Batting: SHB Bob Noble
|
0-0: Grounds into fielders choice 4-2 (Groundball, 34) Barton Frazier to third Tim Reid to second
|
Pitching: RHP Jim Cook
|
|
Batting: RHB Doug Brown
|
0-0: Swinging Strike 0-1: Called Strike 0-2: Strikes out swinging
|
Top of the 8th over - 1 run(s), 1 hit(s), 0 error(s), 3 left on base; Penquannock 3 - Newark 3 |
BOTTOM OF THE 8TH |
Newark Bulldogs batting - Pitching for Penquannock Overrated Jeter : RHP Joaquín Rojas
|
Now in LF: Francisco Ávila
|
|
Batting: RHB Michael Skinner
|
0-0: Ball 1-0: Called Strike 1-1: Ball 2-1: Ball 3-1: Base on Balls
|
Batting: RHB Norris Howard
|
0-0: Called Strike 0-1: Fly out, F9 (Flyball, 9LMF)
|
Batting: LHB Frank Jackson
|
0-0: Called Strike 0-1: Ball 1-1: DOUBLE (Line Drive, 9LM) Michael Skinner to third
|
Pinch Hitting: SHB Rafael Villa
|
0-0: Intentional Walk
|
Batting: RHB Bartolo Montero
|
0-0: Foul Ball, location: 2F 0-1: Ball 1-1: Ball 2-1: DOUBLE (Flyball, 89XD) Michael Skinner scores Frank Jackson scores Rafael Villa to third Runner from 3rd tries for Home, SAFE, no throw
|
Batting: RHB Wilson Flores
|
0-0: Intentional Walk
|
Batting: RHB Stan Simpson
|
0-0: Ball 1-0: Foul Ball, location: 2F 1-1: Foul Ball, location: 2F 1-2: Ball 2-2: Foul Ball, location: 2F 2-2: Fly out, F7 (Line Drive, 7)
|
Batting: LHB Iván Vázquez
|
0-0: Fly out, F9 (Flyball, 89M)
|
Bottom of the 8th over - 3 run(s), 2 hit(s), 0 error(s), 2 left on base; Penquannock 3 - Newark 6 |
TOP OF THE 9TH |
Penquannock Overrated Jeter batting - Pitching for Newark Bulldogs : RHP Jim Cook
|
Pitching: RHP Denver Gallegos
|
|
Now at 1B: Rocky Whitcomb
|
|
Batting: RHB Juan Velásquez
|
0-0: DOUBLE (Line Drive, 89D)
|
Batting: LHB Pete Weber
|
0-0: Ball 1-0: Foul Ball, location: 2F 1-1: SINGLE (Line Drive, 8RS) Juan Velásquez to third
|
Batting: LHB Tony Green
|
0-0: Ball 1-0: Foul Ball, location: 2F 1-1: Foul Ball, location: 2F 1-2: Ball 2-2: Fly out, F7 (Flyball, 7D) Runner from 3rd tags up, SCORES, no throw
|
Batting: RHB Manny Perea
|
0-0: Swinging Strike 0-1: Ball 1-1: Foul Ball, location: 2F 1-2: Ball 2-2: Strikes out swinging
|
Batting: SHB Francisco Ávila
|
0-0: Foul Ball, location: 2F 0-1: Foul Ball, location: 2F 0-2: Ball 1-2: Foul Ball, location: 2F 1-2: Strikes out swinging
|
Top of the 9th over - 1 run(s), 2 hit(s), 0 error(s), 1 left on base; Penquannock 4 - Newark 6 |
|